 Dungeon Crawl Stone Soup version 0.27-a0-906-g0a00ce863d (webtiles) character file.

Game seed: 7546264074459198514

3895 tilp the Slicer (level 10, -2/55 HPs)
             Began as a Vine Stalker Brigand on Apr 6, 2021.
             Was a Follower of Wu Jian.
             Slain by Harold
             ... wielding a +2 short sword of venom
              (11 damage)
             ... on level 9 of the Dungeon.
             The game lasted 00:25:12 (8686 turns).

tilp the Slicer (Vine Stalker Brigand)              Turns: 8686, Time: 00:25:14

Health: -2/55      AC: 15    Str: 17    XL:     10   Next: 20%
Magic:  0/11       EV:  9    Int: 11    God:    Wu Jian [*.....]
Gold:   370        SH:  0    Dex: 28    Spells: 9/9 levels left

rFire    . . .     SeeInvis .   a - +2 dagger (freeze)
rCold    . . .     Faith    .   (no shield)
rNeg     + . .     Spirit   +   F - +2 chain mail {rN+}
rPois    .         Reflect  .   n - +1 helmet
rElec    .         Harm     .   j - scarf {shadows}
rCorr    .         Rampage  .   (no gloves)
Will     +....                  B - +2 pair of boots
Stlth    +.........             (no amulet)
HPRegen  1.18/turn              o - +6 ring of dexterity
MPRegen  0.12/turn              I - +6 ring of dexterity

@: marked
A: fangs 3, regeneration 1, magic shield, antimagic bite, no potion heal 2
a: Renounce Religion


You were on level 9 of the Dungeon.
You worshipped Wu Jian.
Wu Jian was aware of your devotion.
You visited 2 branches of the dungeon, and saw 10 of its levels.

You collected 370 gold pieces.

Inventory:

Hand Weapons
 a - a +2 dagger of freezing (weapon)
 b - a +2 dagger of venom
 g - a +1 dagger of speed
Missiles
 d - 35 poisoned darts (quivered)
 e - 2 curare-tipped darts {!f}
 w - 7 boomerangs
 x - 3 datura-tipped darts
 H - 5 boomerangs of dispersal
Armour
 c - a +1 cloak
 j - a scarf of shadows (worn)
 n - a +1 helmet (worn)
 v - a +0 plate armour
 y - a +2 ring mail of poison resistance
 B - a +2 pair of boots (worn)
 C - the +0 pair of gloves of the Invisible Hand {*Slow rPois Int+5}
   (You found it on level 5 of the Dungeon)

   It affects your intelligence (+5).
   It protects you from poison.
   It may slow you when you take damage.
 F - a +2 chain mail of positive energy (worn)
Jewellery
 h - an amulet of guardian spirit
 m - a ring of fire
 o - a +6 ring of dexterity (left hand)
 I - a +6 ring of dexterity (right hand)
Wands
 i - a wand of digging (7)
 p - a wand of mindburst (6)
 t - a wand of paralysis (6)
 A - a wand of flame (12)
 L - a wand of polymorph (17)
Scrolls
 f - 3 scrolls of teleportation
 s - a scroll of identify
 E - a scroll of silence
Potions
 k - 5 potions of curing
 l - a potion of haste
 q - 3 potions of lignification
 r - a potion of mutation {unknown}
 u - a potion of berserk rage
 z - 2 potions of attraction
 G - 2 potions of flight {unknown}


   Skills:
 + Level 7.6 Fighting
 + Level 9.3 Short Blades
 - Level 1.7 Throwing
 - Level 4.0 Dodging
 - Level 4.8 Stealth
 - Level 4.0 Evocations


You had 9 spell levels left.
You didn't know any spells.
Your spell library contained the following spells:

 Spells                   Type           Power      Damage    Failure   Level
 Animate Skeleton         Necr           0%         N/A       100%        1
 Apportation              Tloc           0%         N/A       100%        1
 Corona                   Hex            0%         N/A       100%        1
 Magic Dart               Conj           0%         1d3       100%        1
 Summon Small Mammal      Summ           0%         N/A       100%        1
 Ensorcelled Hibernation  Hex/Ice        0%         N/A       100%        2
 Searing Ray              Conj           0%         3d3       100%        2
 Confusing Touch          Hex            0%         N/A       100%        3
 Dazzling Flash           Conj/Hex       0%         N/A       100%        3
 Tukima's Dance           Hex            0%         N/A       100%        3
 Fulminant Prism          Conj/Hex       0%         3d6       100%        4
 Iskenderun's Mystic Bla  Conj/Tloc      0%         2d3       100%        4


Dungeon Overview and Level Annotations

Branches:
Dungeon (9/15)             Temple (1/1) D:5
   Lair: D:8-11         Orc: D:9-12

Altars:
Ashenzari
Cheibriados
Dithmenos
Elyvilon
Gozag
Hepliaklqana
Kikubaaqudgha
Makhleb
Nemelex Xobeh
Okawaru
Ru
Sif Muna
Trog
Uskayaw
Vehumet
Wu Jian
Xom
Yredelemnul
Zin

Shops:
D:3 =   D:6 *

Annotations:
D:6 2 transporters, PeterLawrence's ghost, novice MiFi
D:8 3 runed translucent doors, banchobear's ghost, novice GnBe
D:9 Harold


Innate Abilities, Weirdness & Mutations

You have razor-sharp teeth.
Your natural rate of healing is unusually fast.
When hurt, damage is shared between your health and your magic reserves.
Your bite disrupts and absorbs the magic of your enemies.
Potions cannot restore your health.


Message History

Harold is heavily wounded.
You feel very sick.
Unknown command.
You hit Harold but do no damage. You bite Harold.
Harold's magic leaks into the air.
You drain his magic.
Harold is heavily wounded.
You feel sick.
Harold looks more healthy.
Harold closely misses you.
Unknown command.
You hit Harold. You freeze Harold. You bite Harold.
Harold's magic leaks into the air.
You drain his magic.
Harold is severely wounded.
You feel sick.
Unknown command.
You hit Harold. You freeze Harold. You bite Harold, but do no damage.
Harold is severely wounded.
You feel sick. Harold hits you but does no damage.
You are more poisoned.
Unknown command.
You barely miss Harold.
Harold is severely wounded.
* * * LOW HITPOINT WARNING * * *
You feel very sick.
Unknown command.
You completely miss Harold. You bite Harold.
Harold's magic leaks into the air.
You drain his magic.
Harold is severely wounded.
You feel very sick.
Harold hits you with a +2 short sword of venom!
* * * LOW HITPOINT WARNING * * *
You are more poisoned.
Your system rejects the healing.
You feel better. Harold hits you but does no damage.
Unknown command.
You spin and attack Harold repeatedly.
You closely miss Harold. You bite Harold, but do no damage.
Harold is severely wounded.
You hit Harold but do no damage. You bite Harold, but do no damage.
Harold is severely wounded.
Harold hits you with a +2 short sword of venom!
You die...

......##...##.....#....
......##................
......##..#.............
....÷.....#.............
.....<..................
......###...)...........
.##..## #.............(.
###...###..#....@...(((.
# ##..##...#....@.#.....
# ##........###########
# ######...## #####
####....## ....#
#.....#..# ....#
#.##..##.###
.#####...#####...# .#
#§§§# ###># .# #§§○#
###.#


You could see Harold.

Vanquished Creatures
  A two-headed ogre (D:9)
  Joseph (D:9)
  A troll (D:7)
  A wyvern (D:8)
  Edmund (D:5)
  2 water moccasins
  An orc warrior (D:8)
  2 ogres
  3 ice beasts
  A sky beast (D:8)
  A necrophage (D:6)
  A centaur (D:5)
  A kobold brigand (D:8)
  2 bullfrogs
  2 scorpions (D:5)
  A water moccasin skeleton (D:6)
  4 wights (D:7)
  A centaur zombie (D:8)
  2 hounds (D:6)
  A jelly (D:6)
  A bullfrog skeleton (D:6)
  5 orc priests
  Jessica (D:3)
  3 iguanas
  7 orc wizards
  A hound zombie (D:5)
  A mummy (D:4)
  7 gnolls
  7 adders
  3 shadow imps
  2 ufetubi (D:5)
  2 worms (D:3)
  4 dart slugs
  40 orcs
  19 ball pythons
  5 bats
  8 endoplasms
  2 giant cockroaches (D:2)
  11 goblins
  7 hobgoblins
  3 jackals (D:2)
  3 quokkas
  8 frilled lizards
  10 kobolds
  2 kobold zombies (D:4)
  2 orc zombies (D:4)
  3 rats
197 creatures vanquished.

Vanquished Creatures (others)
  A steam dragon (D:9)
1 creature vanquished.

Grand Total: 198 creatures vanquished

Notes
Turn   | Place    | Note
-------+----------+-------------------------------------------
     0 | D:1      | tilp the Vine Stalker Brigand began the quest for the Orb.
     0 | D:1      | Reached XP level 1. HP: 11/11 MP: 2/2
   191 | D:1      | Reached XP level 2. HP: 16/16 MP: 3/3
   686 | D:1      | Reached XP level 3. HP: 20/20 MP: 4/4
   766 | D:1      | Found a faded altar of an unknown god.
  1716 | D:3      | Gained mutation: Your natural rate of healing is unusually
                  | fast. [Vine Stalker growth]
  1716 | D:3      | Reached XP level 4. HP: 20/25 MP: 3/5
  1899 | D:3      | Noticed a +0 hand axe
  1900 | D:3      | Noticed a +0 dagger
  1903 | D:3      | Found a hide-covered altar of Uskayaw.
  1904 | D:3      | Found Sucira Qyow's Jewellery Boutique.
  2137 | D:3      | Found a shadowy altar of Dithmenos.
  2260 | D:3      | Reached XP level 5. HP: 30/30 MP: 6/6
  2320 | D:3      | Noticed Jessica
  2327 | D:3      | Killed Jessica
  2332 | D:3      | Found a shimmering blue altar of Sif Muna.
  2557 | D:3      | Reached skill level 5 in Fighting
  2821 | D:4      | Reached XP level 6. HP: 35/35 MP: 7/7
  3013 | D:4      | Reached skill level 2 in Short Blades
  3025 | D:4      | Reached skill level 3 in Short Blades
  3140 | D:4      | Reached XP level 7. HP: 38/40 MP: 8/8
  3403 | D:4      | Found an opulent altar of Gozag.
  3437 | D:5      | Entered Level 5 of the Dungeon
  3584 | D:5      | Reached skill level 4 in Short Blades
  3671 | D:5      | Reached skill level 5 in Short Blades
  3687 | D:5      | Found a staircase to the Ecumenical Temple.
  3718 | D:5      | Identified the +0 pair of gloves of the Invisible Hand
                  | {*Slow rPois Int+5}
  3738 | Temple   | Entered the Ecumenical Temple
  4008 | Temple   | Became a worshipper of the Wu Jian Council
  4380 | D:5      | Found a glowing silver altar of Zin.
  4382 | D:5      | Found a hazy altar of Hepliaklqana.
  4496 | D:5      | Noticed Edmund
  4592 | D:5      | Killed Edmund
  4593 | D:5      | Reached skill level 6 in Short Blades
  4593 | D:5      | Reached skill level 1 in Dodging
  4593 | D:5      | Gained mutation: You have razor-sharp teeth. [Vine Stalker
                  | growth]
  4593 | D:5      | Reached XP level 8. HP: 23/44 MP: 7/9
  4998 | D:6      | Found Vysubuit's Elemental Accessories.
  5119 | D:6      | Found a transporter.
  5120 | D:6      | Noticed PeterLawrence's ghost (novice MiFi)
  5288 | D:6      | Reached skill level 7 in Short Blades
  5467 | D:6      | Found a transporter.
  5469 | D:6      | Identified the +9 dire flail of the Spider {speed, Str+4
                  | Int-5 Dex+6}
  5469 | D:6      | Identified the +12 dire flail of Eschaud {vorpal, rPois}
  5469 | D:6      | Noticed a two-headed ogre
  6049 | D:7      | Noticed a troll
  6254 | D:7      | Found an iron altar of Okawaru.
  6346 | D:7      | Reached * piety under Wu Jian
  6347 | D:7      | Reached XP level 9. HP: 47/48 MP: 10/10
  6396 | D:7      | Found a shimmering altar of Xom.
  6507 | D:7      | Killed a troll
  6508 | D:7      | Reached skill level 8 in Short Blades
  6508 | D:7      | Reached skill level 1 in Evocations
  7129 | D:8      | Found a broken altar of Ashenzari.
  7625 | D:8      | Found a burning altar of Makhleb.
  7794 | D:8      | Found a runed translucent gate.
  7794 | D:8      | Found a runed translucent gate.
  7794 | D:8      | Found a runed translucent gate.
  7822 | D:8      | Noticed banchobear's ghost (novice GnBe)
  8144 | D:9      | Noticed Prince Ribbit
  8146 | D:9      | Noticed Prince Ribbit
  8146 | D:9      | Prince Ribbit changed into Prince Ribbit the water moccasin
  8154 | D:9      | Killed Prince Ribbit the water moccasin
  8274 | D:9      | Noticed a two-headed ogre
  8284 | D:9      | Killed a two-headed ogre
  8285 | D:9      | Reached skill level 9 in Short Blades
  8285 | D:9      | Reached XP level 10. HP: 37/55 MP: 7/11
  8499 | D:9      | Noticed Joseph
  8533 | D:9      | Killed Joseph
  8662 | D:9      | Noticed Harold
  8686 | D:9      | Slain by Harold

Illustrated notes

Levels and vault maps discovered:
D:1:      lightli_arrival_flooded_house, layout_loops_ring,
          chequers_ecumenical_altar_grove, minmay_misc_feat_ornament
D:2:      layout_rooms
D:3:      layout_loops_cross, lemuel_tele_altar, dancing_weapons_uskayaw,
          tgw_sif, serial_shops, shop, minmay_snake_closets
D:4:      layout_loops_cross, general_overflow_altar, minmay_mini_ossuary
D:5:      layout_basic, nicolae_overflow_hidden_temple,
          minmay_temple_entry_hall, st_stairs_7, uniq_edmund
D:6:      layout_basic, gammafunk_ghost_smash, nicolae_elemental_shop
D:7:      layout_basic, kennysheep_okawaru_gauntlet, lemuel_doored_altar
D:8:      layout_cave_pools, evilmike_ruin_ashenzari, marbit_many_paths,
          gammafunk_ghost_icy, corexii_leaking_fountain, minmay_crossroads
D:9:      layout_rooms, lemuel_flame_loot_1, uniq_joseph, uniq_harold,
          uniq_prince_ribbit1
Temple:   compressed_dpeg_triangle_lava_temple

Skill      XL: |  1  2  3  4  5  6  7  8  9 |
---------------+----------------------------+-----
Fighting       | 2 3 4 5 6 7 |  7.6
Short Blades   | 3 6 7 9 |  9.3
Dodging        | 1 3 4 |  4.0
Evocations     | 4 |  4.0
Throwing       | |  1.7
Stealth        | |  4.8

Action                   |  1- 3 |  4- 6 |  7- 9 | 10-12 || total
-------------------------+-------+-------+-------+-------++-------
Melee: Dagger            |   106 |   235 |   642 |    59 ||  1042
       Bite              |    20 |    87 |   341 |    39 ||   487
Throw: Dart              |       |       |    13 |     3 ||    16
Invok: Lunge             |       |       |    44 |       ||    44
       Whirlwind         |       |       |    31 |    23 ||    54
Evoke: Wand              |       |       |     9 |       ||     9
  Use: Scroll            |     1 |       |    19 |       ||    20
       Potion            |       |       |       |     1 ||     1
 Stab: Sleeping          |    16 |    12 |       |       ||    28
Armor: Robe              |    28 |     4 |       |       ||    32
       Plate armour      |       |   121 |    64 |       ||   185
       Chain mail        |       |       |   121 |     6 ||   127
Dodge: Dodged            |    61 |    32 |   105 |    13 ||   211

Table legend: (Time is in decaauts)
 A = Elapsed time spent in this place.
 B = Non-inter-level travel time spent in this place.
 C = Inter-level travel time spent in this place.
 D = Time resting spent in this place.
 E = Time spent auto-exploring this place.
 F = Levels seen in this place.
 G = Mean time per level.
                   A        B        C        D        E       F      G
               +--------+--------+--------+--------+--------+-----+--------+
         Total |   8433 |   7847 |    586 |   1053 |   5160 |  10 |  843.3 |
       Dungeon |   8152 |   7598 |    554 |   1053 |   4927 |   9 |  905.8 |
        Temple |    281 |    249 |     32 |      0 |    233 |   1 |  281.0 |
               +--------+--------+--------+--------+--------+-----+--------+

Top non-repeatable levels by time:
     D:7: 1281 daAuts
     D:5: 1072 daAuts
     D:3: 1069 daAuts
     D:6: 984 daAuts
     D:1: 960 daAuts
     D:8: 879 daAuts
     D:4: 695 daAuts
     D:2: 680 daAuts
     D:9: 528 daAuts
  Temple: 281 daAuts
